 Dungeon Crawl Stone Soup version 0.32-a0-612-g1c984fe9d1 (webtiles) character file.

Game seed: 3614774569682760764

56 jasper the Apothecary (level 3, -1/24 HPs)
             Began as a Demonspawn Alchemist on Mar 3, 2024.
             Succumbed to an adder's poison
             ... on level 2 of the Dungeon on Mar 4, 2024.
             The game lasted 00:05:31 (2226 turns).

jasper the Apothecary (Demonspawn Alchemist)        Turns: 2226, Time: 00:05:32

Health: -1/24      AC:  2    Str:  8    XL:     3   Next: 71%
Magic:  1/6        EV: 12    Int: 17    God:
Gold:   35         SH:  0    Dex: 13    Spells: 2/6 levels left

rFire   . . .        e - +0 club
rCold   . . .        (no shield)
rNeg    . . .        a - +0 robe
rPois   .            (helmet restricted)
rElec   .            (no cloak)
rCorr   .            (no gloves)
SInv    .            (no boots)
Will    .....        (no amulet)
Stlth   ++           (no ring)
HPRegen 0.24/turn    (no ring)
MPRegen 0.10/turn

%: no passive effects
@: brilliant, lethally poisoned (-1 -> -6), attractive, very slightly
contaminated
A: horns 1
a: no special abilities


You were on level 2 of the Dungeon.
You visited 1 branch of the dungeon, and saw 2 of its levels.

You collected 35 gold pieces.

Inventory:

Hand Weapons
 e - a +0 club (weapon)
Missiles
 f - 26 stones
 j - 12 poisoned darts
Armour
 a - a +0 robe (worn)
 c - a +3 ring mail
Scrolls
 k - a scroll of identify
 l - a scroll of acquirement
Potions
 b - a potion of magic
 g - 3 potions of might
 h - a potion of brilliance


   Skills:
 - Level 1.7 Dodging
 - Level 1.7 Stealth
 - Level 2.0 Spellcasting
 + Level 1.4 Conjurations
 + Level 0.6 Air Magic
 + Level 4.4 Alchemy


You had 2 spell levels left.
You knew the following spells:

 Your Spells              Type           Power      Damage    Failure   Level
a - Sting                 Conj/Alch      68%        1d7       6%          1
b - Mephitic Cloud        Conj/Alch/Air  13%        N/A       24%         3

Your spell library contained the following spells:

 Spells                   Type           Power      Damage    Failure   Level
 Mercury Vapours          Alch/Air       30%        N/A       11%         2
 Olgreb's Toxic Radiance  Alch           25%        N/A       30%         4
 Tukima's Dance           Hex            2%         N/A       50%         3
 Sticky Flame             Fire/Alch      13%        2d5       61%         4
 Iskenderun's Mystic Bla  Conj/Tloc      6%         2d4       82%         4
 Dimensional Bullseye     Hex/Tloc       1%         N/A       88%         4


Dungeon Overview and Level Annotations

Branches:
Dungeon (2/15)

Altars:

Shops:
D:1 =


Innate Abilities, Weirdness & Mutations

You have a pair of small horns on your head.


Message History

Aiming: Sting (safe; 6% risk of failure)
Press: ? - help, Q - select action, (/) - cycle Shift-Dir - straight line, f/p - adder
Aim: an adder (heavily wounded, very poisoned, 53% to hit)
The sting hits the adder.
The adder looks even sicker.
The adder is almost dead.
You feel very sick. The adder bites you. x2
You are lethally poisoned!
The adder poisons you!
You take 8 damage, and have 10/24 hp.
MASSIVE DAMAGE!!
You now have 1/6 mp.
Aiming: Sting (safe; 6% risk of failure)
Press: ? - help, Q - select action, (/) - cycle Shift-Dir - straight line, f/p - adder
Aim: an adder (almost dead, very poisoned, 53% to hit)
The sting hits the adder.
The adder looks as sick as possible!
You kill the adder!
* * * LOW HITPOINT WARNING * * *
You feel very sick.
You take 3 damage, and have 7/24 hp.
You now have 0/6 mp.
There is a lethal amount of poison in your body!
It was a potion of attraction.
You feel attractive to monsters.
* * * LOW HITPOINT WARNING * * *
You feel very sick.
You take 2 damage, and have 5/24 hp.
It was a potion of brilliance.
You feel clever all of a sudden.
* * * LOW HITPOINT WARNING * * *
You feel sick.
You take 2 damage, and have 3/24 hp.
Okay, then.
As you read the scroll labelled LIPTAU DAGECS, it crumbles to dust.
You hear a loud clanging noise!
It was a scroll of noise.
* * * LOW HITPOINT WARNING * * *
You feel sick.
You take 2 damage, and have 1/24 hp.
This is a scroll of acquirement!
Unknown command.
Sorry, you're not good enough to have a special ability.
You die...

....##.# ###...#
.....#.###÷....##
................#
.........###....#
.>....#### #....#
......# ####.#
......# #.##
.....## #..#
......# ##@#
......# #†.#
......# .....
..†.†.# .......#
......##
#.......#
..........
........#
....######
##.......# #####
#.......# ##


There were no monsters in sight!

Vanquished Creatures
  An adder (D:2)
  A ribbon worm (D:2)
  5 bats
  6 endoplasms
  A giant cockroach (D:1)
  8 hobgoblins
  4 jackals (D:2)
  A quokka (D:1)
  A ball python (D:1)
  A frilled lizard (D:2)
  2 goblins
  A kobold (D:2)
  8 rats
40 creatures vanquished.

Notes
Turn   | Place    | Note
-------+----------+-------------------------------------------
     0 | D:1      | jasper the Demonspawn Alchemist began the quest for the
                  | Orb.
     0 | D:1      | Reached XP level 1. HP: 13/13 MP: 3/3
   347 | D:1      | Gained mutation: You have a pair of small horns on your
                  | head. [demonic ancestry]
   347 | D:1      | Reached XP level 2. HP: 19/19 MP: 0/5
   617 | D:1      | Found Zorrimm's Jewellery Boutique.
   921 | D:1      | Reached skill level 4 in Alchemy
  1526 | D:2      | Reached XP level 3. HP: 13/24 MP: 0/6
  1580 | D:2      | Learned a level 3 spell: Mephitic Cloud
  1591 | D:2      | Upgraded the game from 0.32-a0-607-g64ea0e4219 to
                  | 0.32-a0-612-g1c984fe9d1
  2225 | D:2      | HP: 1/24 [poisoned by an adder]
  2226 | D:2      | Identified a scroll of acquirement
  2226 | D:2      | Succumbed to an adder's poison

Illustrated notes

Levels and vault maps discovered:
D:1:      lightli_arrival_noodles, layout_basic, serial_shops,
          nicolae_shop_real_fake_doors, st_stairs_14
D:2:      layout_rooms

Skill      XL: |  1  2 |
---------------+-------+-----
Alchemy        | 4 |  4.4
Dodging        | |  1.7
Stealth        | |  1.7
Spellcasting   | |  2.0
Conjurations   | |  1.4
Air Magic      | |  0.6

Action                     || total
---------------------------++-------
  Melee: Unarmed           ||     9
         Club              ||    20
         Headbutt          ||     4
   Cast: Sting             ||    79
    Use: Scroll            ||     4
         Potion            ||     2
 Armour: Ring mail         ||    20
         Robe              ||    22
  Dodge: Dodged            ||    37

Table legend: (Time is in decaauts)
 A = Elapsed time spent in this place.
 B = Non-inter-level travel time spent in this place.
 C = Inter-level travel time spent in this place.
 D = Time resting spent in this place.
 E = Time spent auto-exploring this place.
 F = Levels seen in this place.
 G = Mean time per level.
                   A        B        C        D        E       F      G
               +--------+--------+--------+--------+--------+-----+--------+
         Total |   2231 |   2186 |     45 |     44 |   1802 |   2 | 1115.5 |
       Dungeon |   2231 |   2186 |     45 |     44 |   1802 |   2 | 1115.5 |
               +--------+--------+--------+--------+--------+-----+--------+

Top non-repeatable levels by time:
     D:1: 1516 daAuts
     D:2: 714 daAuts
